 Dungeon Crawl Stone Soup version 0.31-a0-369-g8eba5f6939 (webtiles) character file.

Game seed: 5354509564359113949

2 cforsyth the Charlatan (level 1, -1/17 HPs)
             Began as a Gnoll Artificer on July 28, 2023.
             Slain by a kobold
             ... wielding a +0 dagger
              (2 damage)
             ... on level 1 of the Dungeon.
             The game lasted 00:00:05 (55 turns).

cforsyth the Charlatan (Gnoll Artificer)              Turns: 55, Time: 00:00:06

Health: -1/17      AC:  3    Str: 11    XL:     1   Next: 40%
Magic:  1/1        EV: 12    Int: 10    God:
Gold:   0          SH:  0    Dex: 12    Spells: 0/0 levels left

rFire   . . .        a - +0 club
rCold   . . .        (no shield)
rNeg    . . .        b - +0 leather armour
rPois   .            (no helmet)
rElec   .            (no cloak)
rCorr   .            (no gloves)
SInv    .            (no boots)
Will    .....        (no amulet)
Stlth   ++           (no ring)
HPRegen 0.22/turn    (no ring)
MPRegen 0.07/turn

%: no passive effects
@: no status effects
A: fangs 1, strong nose, distributed training
a: no special abilities


You were on level 1 of the Dungeon.
You visited 1 branch of the dungeon, and saw 1 of its levels.

Inventory:

Hand Weapons
 a - a +0 club (weapon)
Armour
 b - a +0 leather armour (worn)
Wands
 c - a wand of flame (15) (quivered)
 d - a wand of charming (15)
 e - a wand of iceblast (5)


   Skills:
 + Level 2.3 Fighting
 + Level 0.0 Short Blades
 + Level 0.0 Long Blades
 + Level 0.0 Axes
 + Level 0.0 Maces & Flails
 + Level 0.0 Polearms
 + Level 0.0 Staves
 + Level 0.0 Ranged Weapons
 + Level 0.0 Throwing
 + Level 4.4 Armour
 + Level 2.3 Dodging
 + Level 2.1 Stealth
 + Level 0.0 Shields
 + Level 0.0 Unarmed Combat
 + Level 0.0 Spellcasting
 + Level 0.0 Conjurations
 + Level 0.0 Hexes
 + Level 0.0 Summonings
 + Level 0.0 Necromancy
 + Level 0.0 Translocations
 + Level 0.0 Transmutations
 + Level 0.0 Fire Magic
 + Level 0.0 Ice Magic
 + Level 0.0 Air Magic
 + Level 0.0 Earth Magic
 + Level 0.0 Poison Magic
 + Level 0.1 Invocations
 + Level 6.4 Evocations
 + Level 0.0 Shapeshifting


You couldn't memorise any spells.
You didn't know any spells.
Your spell library was empty.

Dungeon Overview and Level Annotations

Branches:
Dungeon (1/15)

Altars:


Innate Abilities, Weirdness & Mutations

You have very sharp teeth.
Your uncanny sense of smell can sniff out nearby items.
Your experience applies equally to all skills.


Message History

The ball python closely misses you. The kobold misses you.
The ball python closely misses you. The ball python grabs you.
The ball python constricts you.
You closely miss the ball python. The kobold misses you.
The ball python barely misses you. The ball python constricts you.
The kobold closely misses you. The kobold hits you with a +0 dagger.
You hit the ball python.
The ball python is severely wounded.
The ball python bites you. The ball python constricts you.
The ball python closely misses you. The ball python constricts you.
The kobold hits you but does no damage. The kobold barely misses you.
You closely miss the ball python.
The ball python is severely wounded.
The ball python bites you. The ball python constricts you.
The kobold barely misses you. x2; The ball python bites you.
The ball python constricts you.
* * * LOW HITPOINT WARNING * * *
You are too injured to fight recklessly!
You are too injured to fight recklessly!
You are too injured to fight recklessly!
You are too injured to fight recklessly!
You are too injured to fight recklessly!
You are too injured to fight recklessly!
You are too injured to fight recklessly!
You are too injured to fight recklessly!
You hit the ball python.
You kill the ball python!
The kobold hits you with a +0 dagger.
* * * LOW HITPOINT WARNING * * *
The kobold barely misses you. The kobold hits you with a +0 dagger.
* * * LOW HITPOINT WARNING * * *
The kobold barely misses you.
You see here a ball python corpse.
Unknown command.
You miss the kobold. Your bite misses the kobold.
The kobold hits you with a +0 dagger.
* * * LOW HITPOINT WARNING * * *
The kobold hits you with a +0 dagger.
You die...

######+## #......... .#
#......... ##.#
#......... #..
#......... #.#
#######......... ##.#
#............... ...#
#......†K....... .#.###
#..?...K@....... .....#
#.†.............
.#.#.####......#########
.#......#......#
.###.#.##......+
<......#.......#
.###.#.#.##+####
.#.......# .#.#.#####


You could see 2 kobolds.

Vanquished Creatures
  A ball python (D:1)
  A quokka (D:1)
2 creatures vanquished.

Notes
Turn   | Place    | Note
-------+----------+-------------------------------------------
     0 | D:1      | cforsyth the Gnoll Artificer began the quest for the Orb.
     0 | D:1      | Reached XP level 1. HP: 17/17 MP: 1/1
    55 | D:1      | Slain by a kobold

Illustrated notes

Levels and vault maps discovered:
D:1:      roderic_chinese_lattice_arrival, layout_basic,
          shapermc_ecumenical_altar_gd

Action                     || total
---------------------------++-------
  Melee: Club              ||    14
   Stab: Sleeping          ||     1
 Armour: Leather armour    ||     3
  Dodge: Dodged            ||    19

Table legend: (Time is in decaauts)
 A = Elapsed time spent in this place.
 B = Non-inter-level travel time spent in this place.
 C = Inter-level travel time spent in this place.
 D = Time resting spent in this place.
 E = Time spent auto-exploring this place.
 F = Levels seen in this place.
 G = Mean time per level.
                   A        B        C        D        E       F      G
               +--------+--------+--------+--------+--------+-----+--------+
         Total |     58 |     58 |      0 |      0 |     28 |   1 |   58.0 |
       Dungeon |     58 |     58 |      0 |      0 |     28 |   1 |   58.0 |
               +--------+--------+--------+--------+--------+-----+--------+

Top non-repeatable levels by time:
     D:1: 58 daAuts
